 Dungeon Crawl Stone Soup version 0.30-a0-368-g86fb4627a9 (webtiles) character file.

Game seed: 10871806863726341313

11 oldriver the Grave Robber (level 2, 0/21 HPs)
             Began as a Mummy Necromancer on Nov 19, 2022.
             Killed by divine providence
             ... invoked by an orc priest
              (13 damage)
             ... on level 2 of the Dungeon.
             The game lasted 00:00:29 (438 turns).

oldriver the Grave Robber (Mummy Necromancer)        Turns: 438, Time: 00:00:29

Health: 0/21       AC:  3    Str: 11    XL:     2   Next: 13%
Magic:  5/6        EV: 12    Int: 14    God:
Gold:   40         SH:  0    Dex: 12    Spells: 6/7 levels left

rFire   x . .      SeeInvis .    (no weapon)
rCold   + . .      Faith    +    (no shield)
rNeg    + + +      Spirit   .    a - +0 robe
rPois   ∞          Reflect  .    (no helmet)
rElec   .          Harm     .    (no cloak)
rCorr   .          Rampage  .    b - +0 pair of gloves
Will    .....                    (no boots)
Stlth   ++........               (no amulet)
HPRegen 0.23/turn                (no ring)
MPRegen 0.10/turn                (no ring)

@: no status effects
A: cold resistance 1, negative energy resistance 3, torment resistance 2, heat
vulnerability 1, no potions, faith
a: no special abilities


You were on level 2 of the Dungeon.
You visited 1 branch of the dungeon, and saw 2 of its levels.

You collected 40 gold pieces.

Inventory:

Armour
 a - a +0 robe (worn)
 b - a +0 pair of gloves (worn)
Jewellery
 c - an amulet of guardian spirit


   Skills:
 + Level 1.2 Fighting
 - Level 1.5 Dodging
 - Level 1.5 Stealth
 + Level 3.2 Spellcasting
 - Level 4.0 Necromancy


You had 6 spell levels left.
You knew the following spells:

 Your Spells              Type           Power      Damage    Failure   Level
a - Necrotise             Necr           52%        1d6       4%          1

Your spell library contained the following spells:

 Spells                   Type           Power      Damage    Failure   Level
 Vampiric Draining        Necr           13%        2d6       12%         3
 Animate Dead             Necr           13%        N/A       38%         4
 Agony                    Necr           13%        N/A       75%         5


Dungeon Overview and Level Annotations

Branches:
Dungeon (2/15)

Altars:


Innate Abilities, Weirdness & Mutations

You are immune to poison.
Your flesh is cold resistant. (rC+)
You are immune to negative energy. (rN+++)
You are immune to unholy pain and torment.
You are vulnerable to heat. (rF-)
You do not drink.
You have a special connection with the divine. (Faith)


Message History

The dart slug is heavily wounded.
The dart slug barely misses you.
Your ball python skeleton bites the dart slug.
Your ball python skeleton grabs the dart slug.
Your ball python skeleton constricts the dart slug.
You hit the dart slug but do no damage.
The dart slug is severely wounded.
The dart slug launches a dart at you. The slug dart hits you.
Your ball python skeleton bites the dart slug.
Your ball python skeleton constricts the dart slug.
The dart slug dies!
Your ball python skeleton crumbles into dust!
HP restored.
Magic restored.
You see here a dart slug corpse.
Found a stone staircase leading up.
An orc priest comes into view. It is wielding a +0 club.
An orc priest is nearby!
An orc priest is nearby!
A bat comes into view.
The orc priest shouts!
The bat moves out of view.
The orc priest calls down the wrath of Beogh upon you.
Beogh smites you!
You hear a shout!
You start resting.
An orc priest is nearby!
The orc priest barely misses you.
You barely miss the orc priest. The orc priest hits you with a +0 club.
Casting: Necrotise (safe; 4% risk of failure)
Confirm with . or Enter, or press ? or * to list all spells.
Aiming: Necrotise (safe; 4% risk of failure)
Press: ? - help, Shift-Dir - straight line, f - orc priest
Aim: an orc priest, wielding a +0 club (chance to affect: 69%)
The orc priest struggles to resist.
The orc priest mumbles some strange prayers to Beogh against you.
Beogh smites you!
Ouch! That really hurt!
You die...

### ##.## #.#######
##.#.## #o.....b#
##.###.##
.b..#####o###.##
##.###### .
#...#@##.## ##......
#.........## ##.######
#...#.###..###.#######
##.#......#.#..# #...#
......###......# #....
#......# #.######
#...# #...<... #.#
##.## .#..#... #.#
##.†.# .###.#... #..
#.....


You could see an orc priest and a bat.

Vanquished Creatures
  2 ball pythons
  A hobgoblin (D:1)
  A quokka (D:1)
  A frilled lizard (D:1)
  A kobold (D:1)
  2 rats (D:1)
8 creatures vanquished.

Vanquished Creatures (collateral kills)
  A dart slug (D:2)
1 creature vanquished.

Grand Total: 9 creatures vanquished

Notes
Turn   | Place    | Note
-------+----------+-------------------------------------------
     0 | D:1      | oldriver the Mummy Necromancer began the quest for the Orb.
     0 | D:1      | Reached XP level 1. HP: 13/13 MP: 4/4
   287 | D:1      | Reached skill level 1 in Fighting
   309 | D:1      | You fall into a shaft and drop 1 floor!
   332 | D:2      | Reached XP level 2. HP: 16/21 MP: 1/6
   438 | D:2      | Killed from afar by an orc priest

Illustrated notes

Levels and vault maps discovered:
D:1:      dpeg_arrival_shelter, layout_basic, minmay_misc_feat_doors,
          serial_bayou_lagoon_a, hangedman_abyss_or_decor_lesser_grid,
          kennysheep_flooded_box
D:2:      layout_loops_cross, basic_altar

Skill      XL: |  1 |
---------------+----+-----
Spellcasting   | 3 |  3.2
Fighting       | 1 |  1.2
Dodging        | |  1.5
Stealth        | |  1.5
Necromancy     | |  4.0

Action                   || total
-------------------------++-------
Melee: Unarmed           ||     4
 Cast: Necrotise         ||    12
 Stab: Sleeping          ||     1
Armor: Robe              ||     2
Dodge: Dodged            ||     3

Table legend: (Time is in decaauts)
 A = Elapsed time spent in this place.
 B = Non-inter-level travel time spent in this place.
 C = Inter-level travel time spent in this place.
 D = Time resting spent in this place.
 E = Time spent auto-exploring this place.
 F = Levels seen in this place.
 G = Mean time per level.
                   A        B        C        D        E       F      G
               +--------+--------+--------+--------+--------+-----+--------+
         Total |    437 |    400 |     37 |      4 |    338 |   2 |  218.5 |
       Dungeon |    437 |    400 |     37 |      4 |    338 |   2 |  218.5 |
               +--------+--------+--------+--------+--------+-----+--------+

Top non-repeatable levels by time:
     D:1: 309 daAuts
     D:2: 128 daAuts
